 Dungeon Crawl Stone Soup version 0.29-a0-275-g389c0b56f3 (webtiles) character file.

Game seed: 7628848701246935564

102 Ordine the Slasher (level 4, -5/42 HPs)
             Began as a Tengu Warper on Mar 10, 2022.
             Slain by a wyvern (9 damage)
             ... on level 4 of the Dungeon.
             The game lasted 00:06:33 (3193 turns).

Ordine the Slasher (Tengu Warper)                   Turns: 3193, Time: 00:06:34

Health: -5/42      AC: 22    Str: 11    XL:     4   Next: 78%
Magic:  8/8        EV:  2    Int: 13    God:
Gold:   53         SH:  0    Dex: 16    Spells: 5/7 levels left

rFire   . . .      SeeInvis .   a - +0 falchion
rCold   . . .      Faith    .   (no shield)
rNeg    . . .      Spirit   .   (body armour currently unavailable)
rPois   +          Reflect  .   (helmet currently unavailable)
rElec   .          Harm     .   (cloak currently unavailable)
rCorr   .          Rampage  .   (gloves currently unavailable)
Will    .....      NoTele   +   (boots unavailable)
Stlth   +.........              (no amulet)
HPRegen 0.14/turn               u - ring of poison resistance
MPRegen 0.11/turn               (no ring)

@: tree-form
A: stationary, stasis, torment immunity, boosted hp, (beak), (talons 3)
a: no special abilities


You were on level 4 of the Dungeon.
You were a tree.
You visited 1 branch of the dungeon, and saw 4 of its levels.

You collected 218 gold pieces.
You spent 165 gold pieces at shops.

Inventory:

Hand Weapons
 a - a +0 falchion (weapon)
Missiles
 d - 6 boomerangs of dispersal (quivered)
 h - 2 boomerangs
 w - 2 throwing nets
Armour
 b - a +0 leather armour (melded)
 l - an orb of energy
 r - a +0 cloak (melded)
Jewellery
 u - a ring of poison resistance (left branch)
Wands
 q - a wand of charming (7)
 x - a wand of digging (6)
Scrolls
 c - a scroll of blinking
 g - a scroll of enchant armour {unknown}
 i - a scroll of silence {unknown}
 k - 8 scrolls of identify {unknown}
 m - a scroll of noise {unknown}
 s - 3 scrolls of teleportation {unknown}
 t - a scroll of enchant weapon {unknown}
 v - 2 scrolls of immolation {unknown}
Potions
 e - a potion of attraction {unknown}
 f - a potion of haste {unknown}
 n - a potion of brilliance {unknown}
 p - a potion of mutation {unknown}
 z - 2 potions of heal wounds
 B - a potion of invisibility


   Skills:
 + Level 3.1 Fighting
 * Level 4.5 Long Blades
 - Level 1.0 Throwing
 - Level 1.1 Armour
 - Level 2.1 Dodging
 - Level 2.0 Spellcasting
 - Level 2.4 Translocations


You had 5 spell levels left.
You knew the following spells:

 Your Spells              Type           Power      Damage    Failure   Level
a - Blink                 Tloc           14%        N/A       14%         2

Your spell library contained the following spells:

 Spells                   Type           Power      Damage    Failure   Level
 Apportation              Tloc           14%        N/A       10%         1
 Animate Skeleton         Necr           2%         N/A       26%         1
 Summon Small Mammal      Summ           4%         N/A       26%         1
 Gell's Gravitas          Tloc           7%         N/A       28%         3
 Lesser Beckoning         Tloc           7%         N/A       28%         3
 Teleport Other           Tloc           7%         N/A       28%         3
 Ozocubu's Armour         Ice            1%         N/A       58%         3
 Manifold Assault         Tloc           7%         N/A       95%         5
 Ozocubu's Refrigeration  Ice            0%         4d5       100%        7


Dungeon Overview and Level Annotations

Branches:
Dungeon (4/15)
 Temple: D:4-7

Altars:
The Shining One

Shops:
D:3 !


Innate Abilities, Weirdness & Mutations

You are a tree.
Your roots penetrate the ground, keeping you stationary.
You cannot be teleported.
You are immune to unholy pain and torment.
Your maximum health is greatly increased.
Your equipment is partially melded.
((You have a beak for a mouth.))
((You have claws for feet.))


Message History

The wyvern is moderately wounded.
The wyvern bites you.
* * * LOW HITPOINT WARNING * * *
The wyvern bites you but does no damage.
You hit the wyvern.
The wyvern is moderately wounded.
The wyvern bites you!
* * * LOW HITPOINT WARNING * * *
The wyvern bites you but does no damage.
You feel better.
The wyvern hisses menacingly.
The wyvern barely misses you.
You completely miss the wyvern.
The wyvern is moderately wounded.
The wyvern bites you!
* * * LOW HITPOINT WARNING * * *
The wyvern bites you but does no damage.
You feel better. The wyvern bites you.
You hit the wyvern but do no damage.
The wyvern is moderately wounded.
The wyvern bites you but does no damage. x2
You hit the wyvern but do no damage.
The wyvern is moderately wounded.
The wyvern bites you but does no damage.
You hit the wyvern.
The wyvern is moderately wounded.
The wyvern bites you!
* * * LOW HITPOINT WARNING * * *
The wyvern bites you.
* * * LOW HITPOINT WARNING * * *
It was a potion of heal wounds.
You feel much better. The wyvern bites you. x2
You barely miss the wyvern.
The wyvern is moderately wounded.
The wyvern bites you but does no damage.
You barely miss the wyvern.
The wyvern is moderately wounded.
The wyvern bites you!
* * * LOW HITPOINT WARNING * * *
The wyvern bites you!
You die...

### .#.(. #..
....## ...#...###
...... .......#.#
#.... .........###
.(.. #....#.#...#
..#
##.....#..###l.###
............♣...(#
#.......#.#..##....
##.[....####).# .
##...#†# ..#
#####.## ..# #..<.#
... #.##.# (... ...
... ....# ##. ###..


You could see a wyvern.

Vanquished Creatures
  Natasha (D:3)
  An ufetubus (D:4)
  5 worms
  2 orcs (D:3)
  4 endoplasms
  A giant cockroach (D:1)
  3 goblins
  5 hobgoblins
  4 jackals (D:1)
  3 quokkas (D:2)
  12 ball pythons
  4 bats
  3 frilled lizards (D:2)
  2 kobolds (D:1)
  6 rats
56 creatures vanquished.

Notes
Turn   | Place    | Note
-------+----------+-------------------------------------------
     0 | D:1      | Ordine the Tengu Warper began the quest for the Orb.
     0 | D:1      | Reached XP level 1. HP: 12/12 MP: 4/4
   159 | D:1      | Reached XP level 2. HP: 13/17 MP: 6/6
   282 | D:1      | Reached skill level 3 in Long Blades
   288 | D:1      | Learned a level 2 spell: Blink
  1084 | D:2      | Found a faded altar of an unknown god.
  1196 | D:2      | Reached XP level 3. HP: 22/22 MP: 7/7
  2395 | D:3      | Reached skill level 4 in Long Blades
  2395 | D:3      | Reached XP level 4. HP: 27/27 MP: 8/8
  2544 | D:3      | Found Jieb Xuu's Distillery.
  2552 | D:3      | Bought a potion of curing for 33 gold pieces
  2552 | D:3      | Bought a potion of degeneration for 11 gold pieces
  2552 | D:3      | Bought a potion of lignification for 33 gold pieces
  2552 | D:3      | Bought a potion of invisibility for 88 gold pieces
  2667 | D:3      | Found a glowing golden altar of the Shining One.
  2690 | D:3      | Noticed Natasha
  2696 | D:3      | Killed Natasha
  3170 | D:4      | Noticed a wyvern
  3190 | D:4      | HP: 1/42 [wyvern (5)]
  3193 | D:4      | Slain by a wyvern

Illustrated notes

Levels and vault maps discovered:
D:1:      shiori_shiawase, layout_loops_ring, chequers_serial_rivers_marsh
D:2:      layout_basic, ebering_ecumenical_altar_sacrificial,
          serial_park_tiny_2, minmay_joined_circles
D:3:      layout_loops_ring, old_standard_altar, serial_shops, shop,
          grunt_ministairs_14, kennysheep_generic_room_4, uniq_natasha
D:4:      layout_cave_pools, uniq_pikel, uniq_ijyb, uniq_eustachio

Skill      XL: |  1  2  3  4 |
---------------+-------------+-----
Long Blades    | 3 4 |  4.5
Fighting       | 3 |  3.1
Throwing       | |  1.0
Armour         | |  1.1
Dodging        | |  2.1
Spellcasting   | |  2.0
Translocations | |  2.4

Action                   |  1- 3 |  4- 6 || total
-------------------------+-------+-------++-------
Melee: Falchion          |    99 |    40 ||   139
       Peck              |    17 |     5 ||    22
       Kick              |    18 |     5 ||    23
Throw: Dart              |       |     2 ||     2
       Boomerang         |       |     1 ||     1
  Use: Potion            |       |     4 ||     4
 Stab: Sleeping          |     1 |       ||     1
Armor: Leather armour    |    33 |     7 ||    40
       Skin              |       |    10 ||    10
Dodge: Dodged            |    76 |    23 ||    99

Table legend: (Time is in decaauts)
 A = Elapsed time spent in this place.
 B = Non-inter-level travel time spent in this place.
 C = Inter-level travel time spent in this place.
 D = Time resting spent in this place.
 E = Time spent auto-exploring this place.
 F = Levels seen in this place.
 G = Mean time per level.
                   A        B        C        D        E       F      G
               +--------+--------+--------+--------+--------+-----+--------+
         Total |   3221 |   3099 |    122 |      0 |   2701 |   4 |  805.2 |
       Dungeon |   3221 |   3099 |    122 |      0 |   2701 |   4 |  805.2 |
               +--------+--------+--------+--------+--------+-----+--------+

Top non-repeatable levels by time:
     D:2: 1313 daAuts
     D:1: 1074 daAuts
     D:3: 794 daAuts
     D:4: 39 daAuts
